 Dungeon Crawl Stone Soup version 0.22-a0-605-g9281fa2 (webtiles) character file.

1795 Amnesiac the Covert (level 8, -2/36 HPs)
             Began as a Spriggan Earth Elementalist on July 9, 2018.
             Was a Priest of Okawaru.
             Killed by divine providence
             ... invoked by an orc priest
              (11 damage)
             ... on level 6 of the Dungeon.
             The game lasted 00:11:37 (6012 turns).

Amnesiac the Covert (Spriggan Earth Elementalist)   Turns: 6012, Time: 00:11:38

Health: -2/36      AC: 12    Str:  8    XL:     8   Next: 83%
Magic:  3/15       EV: 18    Int: 19    God:    Okawaru [***...]
Gold:   345        SH:  0    Dex: 16    Spells: 8/15 levels left

rFire    + . .     SeeInvis +   a - +0 dagger
rCold    . . .     Gourm    .   (shield restricted)
rNeg     . . .     Faith    .   t - +2 robe {rF+}
rPois    .         Spirit   .   (helmet restricted)
rElec    .         Reflect  .   x - +1 cloak {+Inv}
rCorr    .         Harm     .   (gloves unavailable)
MR       +....                  (boots unavailable)
Stlth    ++++......             e - amulet of magic regeneration
HPRegen  0.12/turn              E - ring of Divine Compulsion {AC+4 Str+4}
MPRegen  0.39/turn              i - +2 ring of protection

@: very slightly contaminated, very quick
A: very small, unfitting armour, see invisible, herbivore, speed 3, slow
metabolism 2
a: Heroism, Renounce Religion, Evoke Invisibility


You were on level 6 of the Dungeon.
You worshipped Okawaru.
Okawaru was most pleased with you.
You were not hungry.

You visited 2 branches of the dungeon, and saw 7 of its levels.

You collected 345 gold pieces.

Inventory:

Hand Weapons
 a - a +0 dagger (weapon)
 b - a +0 blowgun
Missiles
 o - 56 poisoned needles
 F - 41 stones (quivered)
Armour
 m - a +0 buckler
 t - a +2 robe of fire resistance (worn)
 x - a +1 cloak of invisibility (worn)
Jewellery
 e - an amulet of magic regeneration (around neck)
 i - a +2 ring of protection (right hand)
 p - an uncursed ring of positive energy
 E - the ring of Divine Compulsion (left hand) {AC+4 Str+4}
   (You found it on level 6 of the Dungeon)

   [ring of protection]

   It affects your AC (+4).
   It affects your strength (+4).
Wands
 v - a wand of digging (14)
 G - a wand of paralysis (17)
Scrolls
 c - a scroll of magic mapping {!r, unknown}
 f - a scroll of random uselessness {!r, unknown}
 g - a scroll of fear {!r, unknown}
 h - a scroll of fog {!r, unknown}
 k - 4 scrolls of teleportation {!r}
 l - 3 scrolls of remove curse {!r}
 n - a scroll of enchant armour {!r, unknown}
 q - a scroll of blinking {!r}
 y - 3 scrolls of identify {!r}
Potions
 j - 2 potions of resistance {!q, unknown}
 r - 5 potions of curing {!q}
 s - 2 potions of invisibility {!q, unknown}
 u - 2 potions of heal wounds {!q, unknown}
 w - a potion of brilliance {!q}
 z - a potion of lignification {!q}
 A - a potion of ambrosia {!q}
 B - 2 potions of agility {!q}
 C - a potion of cancellation {!q, unknown}
 D - a potion of flight {!q, unknown}
Comestibles
 d - 3 rations


   Skills:
 + Level 5.6 Short Blades
 - Level 3.0 Dodging
 - Level 8.0 Stealth
 * Level 5.6 Shields
 - Level 4.0 Spellcasting
 + Level 3.3 Transmutations
 - Level 4.0 Earth Magic


You had 8 spell levels left.
You knew the following spells:

 Your Spells              Type           Power        Failure   Level  Hunger
a - Sandblast             Erth           ###...       2%          1    None
b - Passwall              Tmut/Erth      ###.....     4%          2    ##.....
e - Petrify               Tmut/Erth      ###.....     30%         4    ####...

Your spell library contained the following spells:

 Spells                   Type           Power        Failure   Level  Hunger
 Stone Arrow              Conj/Erth      ##....       19%         3    ###....
 Lee's Rapid Deconstruct  Erth           ###.......   58%         5    ######.


Dungeon Overview and Level Annotations

Branches:
Dungeon (6/15)             Temple (1/1) D:4

Altars:
Ashenzari
Cheibriados
Dithmenos
Elyvilon
Fedhas
Gozag
Hepliaklqana
Kikubaaqudgha
Makhleb
Okawaru
Qazlal
Ru
Sif Muna
Trog
Uskayaw
Vehumet
Yredelemnul
The Shining One


Innate Abilities, Weirdness & Mutations

You are very small and have problems with some larger weapons.
You are too small for most types of armour.
You have supernaturally acute eyesight. (SInv)
You are a herbivore.
You cover ground extremely quickly.
You need to consume almost no food.


Message History

You skewer the scorpion like a kebab!!!
You kill the scorpion!
Okawaru accepts your kill.
An orc comes into view. It is wielding a dagger.
There are monsters nearby!
Casting: Passwall (safe; 4% risk of failure)
Confirm with . or Enter, or press ? or * to list all spells.
Aiming: Petrify (quite dangerous; 30% risk of failure)
Press: ? - help, Shift-Dir - straight line, f - orc
Aim: an orc, wielding a dagger and wearing a leather armour (hasn't noticed you, chance to defeat MR: 65%)
The orc shouts!
The orc is moving more slowly.
The orc priest shouts!
You hear a shout!
Unknown command.
Casting: Petrify (quite dangerous; 30% risk of failure)
Confirm with . or Enter, or press ? or * to list all spells.
Aiming: Passwall (safe; 4% risk of failure)
Press: ? - help, Dir - move target cursor A rock wall.
You miscast Passwall.
You are very lightly contaminated with residual magic.
Motes of dust swirl before your eyes.
Unknown command.
Casting: Passwall (safe; 4% risk of failure)
Confirm with . or Enter, or press ? or * to list all spells.
Aiming: Passwall (safe; 4% risk of failure)
Press: ? - help, Dir - move target cursor A rock wall.
You begin to meditate on the wall.
You continue meditating on the rock. x2
You finish merging with the rock.
Unknown command.
You start resting.
Magic restored.
The orc priest calls down the wrath of Beogh upon you.
Beogh smites you!
Casting: Passwall (safe; 4% risk of failure)
Confirm with . or Enter, or press ? or * to list all spells.
Aiming: Petrify (quite dangerous; 30% risk of failure)
Press: ? - help, Shift-Dir - straight line, f - orc priest
Aim: an orc priest (chance to defeat MR: 48%)
You miscast Petrify.
The air around you crackles with energy!
Unknown command.
Casting: Petrify (quite dangerous; 30% risk of failure)
Confirm with . or Enter, or press ? or * to list all spells.
Aiming: Petrify (quite dangerous; 30% risk of failure)
Press: ? - help, Shift-Dir - straight line, f/p - orc priest
Aim: an orc priest (chance to defeat MR: 48%)
The orc priest resists with some effort.
The orc priest begins to cast a cantrip, but forgets the words!
Unknown command.
Casting: Petrify (quite dangerous; 30% risk of failure)
Confirm with . or Enter, or press ? or * to list all spells.
Aiming: Petrify (quite dangerous; 30% risk of failure)
Press: ? - help, Shift-Dir - straight line, f/p - orc priest
Aim: an orc priest (chance to defeat MR: 48%)
The orc priest resists with some effort.
The orc priest invokes the aid of Beogh against you.
Beogh smites you!
* * * LOW HITPOINT WARNING * * *
Unknown command.
The orc priest invokes the aid of Beogh against you.
Beogh smites you!
You die...

......# #.# ###
..[...# #.# ..#
.....## #.# #.#
....## #.# #.# ...##
#.####.# ..##
#...##.# .## ###.##.#
### ########.##.###
#.# #.........@...#
#.# ##.######.##.#.#
#.####.#.#####.##.#†#
......###.<....##o#.#
######.#.########.#.#
# ##.## #..#.# #.#
#.##.# #.# #.##.# #.#
#.##.#


You could see an orc priest.

Vanquished Creatures
  Grinder (D:5)
  Prince Ribbit (D:5)
  A phantom (D:5)
  2 ogres
  Blork the orc (D:4)
  A wyvern zombie (D:6)
  2 scorpions
  5 wights (D:6)
  2 howler monkeys
  A jelly (D:6)
  2 crimson imps
  A quasit (D:6)
  2 bullfrog skeletons
  A hound (D:5)
  Crazy Yiuf (D:3)
  Jessica (D:3)
  Terence (D:2)
  2 iguanas
  Natasha (thrice) (D:2 D:1)
  2 worker ants
  A howler monkey zombie (D:6)
  A worker ant zombie (D:6)
  Robin (D:2)
  4 adders
  2 shadow imps
  2 oozes
  3 worms
  A dart slug (D:1)
  5 leopard geckos
  8 giant cockroaches
  15 goblins
  3 hobgoblins
  12 jackals
  5 kobolds
  4 quokkas
  6 bats
  5 frilled lizards
  6 rats
117 creatures vanquished.

Notes
Turn   | Place    | Note
-------+----------+-------------------------------------------
     0 | D:1      | Amnesiac the Spriggan Earth Elementalist began the quest for the Orb.
     0 | D:1      | Reached XP level 1. HP: 9/9 MP: 5/5
   195 | D:1      | Reached XP level 2. HP: 13/13 MP: 4/7
   366 | D:1      | Learned a level 2 spell: Passwall
   915 | D:2      | Reached XP level 3. HP: 16/16 MP: 3/8
   980 | D:3      | Found an iron altar of Okawaru.
   985 | D:3      | Became a worshipper of Warmaster Okawaru
  1012 | D:3      | Noticed Jessica
  1019 | D:3      | Killed Jessica
  1331 | D:3      | Reached skill level 1 in Short Blades
  1331 | D:3      | Reached skill level 1 in Shields
  1332 | D:3      | Reached XP level 4. HP: 21/21 MP: 2/10
  1389 | D:3      | Noticed Robin
  1611 | D:2      | Killed Robin
  1725 | D:4      | Reached skill level 4 in Stealth
  1892 | D:4      | Reached XP level 5. HP: 15/24 MP: 11/11
  1954 | D:4      | Learned a level 4 spell: Petrify
  2018 | D:4      | Noticed Blork the orc
  2026 | D:4      | Killed Blork the orc
  2026 | D:4      | Reached * piety under Okawaru
  2107 | D:4      | Reached skill level 5 in Stealth
  2107 | D:4      | Reached XP level 6. HP: 10/28 MP: 8/12
  2436 | D:4      | Noticed Menkaure
  2540 | D:4      | Found a staircase to the Ecumenical Temple.
  2551 | Temple   | Entered the Ecumenical Temple
  3182 | D:3      | Found a runed door.
  3234 | D:3      | Noticed Crazy Yiuf
  3250 | D:3      | Killed Crazy Yiuf
  3322 | D:2      | Noticed Natasha
  3333 | D:2      | Killed Natasha
  3361 | D:2      | Noticed Natasha
  3394 | D:1      | Killed Natasha
  3486 | D:1      | Noticed Natasha
  3489 | D:1      | Killed Natasha
  3678 | D:2      | Noticed Terence
  3685 | D:2      | Killed Terence
  3970 | D:5      | Entered Level 5 of the Dungeon
  3981 | D:5      | Reached skill level 6 in Stealth
  3981 | D:5      | Reached XP level 7. HP: 29/32 MP: 7/13
  3995 | D:5      | Reached ** piety under Okawaru
  4160 | D:5      | Noticed Grinder
  4169 | D:5      | Killed Grinder
  4169 | D:5      | Reached skill level 7 in Stealth
  4193 | D:5      | Noticed Prince Ribbit
  4212 | D:5      | Killed Prince Ribbit
  4212 | D:5      | Reached XP level 8. HP: 35/36 MP: 5/14
  4720 | D:5      | Found a snail-covered altar of Cheibriados.
  5001 | D:6      | Noticed a two-headed ogre
  5003 | D:6      | Reached skill level 5 in Short Blades
  5003 | D:6      | Reached skill level 8 in Stealth
  5003 | D:6      | Reached skill level 5 in Shields
  5362 | D:6      | Reached *** piety under Okawaru
  5671 | D:6      | Got a shimmering lapis lazuli ring
  5673 | D:6      | Identified the ring of Divine Compulsion {AC+4 Str+4} (You found it on level 6 of the Dungeon)
  6012 | D:6      | Killed from afar by an orc priest

Vault maps used:
D:1:      lemuel_arrival_cross
D:2:      first_ration, uniq_natasha, uniq_terence
D:3:      okawaru_gym_becter, uniq_robin, uniq_crazy_yiuf_cottage, uniq_jessica
D:4:      temple_hall, uniq_blork_the_orc, uniq_menkaure
D:5:      kennysheep_mini_moat, st_stairs_13, uniq_grinder, uniq_prince_ribbit1
D:6:      kennysheep_big_flooded_room, kennysheep_mini
Temple:   nicolae_temple_elliptical

Skill      XL: |  1  2  3  4  5  6  7  8 |
---------------+-------------------------+-----
Earth Magic    | 3 4 |  4.0
Spellcasting   | 3 4 |  4.0
Short Blades   | 1 2 3 4 5 |  5.6
Shields        | 1 2 3 4 5 |  5.6
Stealth        | 4 5 6 7 8 |  8.0
Transmutations | 3 |  3.3
Dodging        | |  3.0

Action                   |  1- 3 |  4- 6 |  7- 9 || total
-------------------------+-------+-------+-------++-------
Melee: Dagger            |    22 |   146 |   142 ||   310
Throw: Throwing net      |       |       |     2 ||     2
 Cast: Sandblast         |    35 |    67 |    20 ||   122
       Passwall          |       |     4 |     9 ||    13
       Petrify           |       |       |    24 ||    24
  Use: Scroll            |       |     6 |     1 ||     7
 Stab: Sleeping          |     2 |     8 |    13 ||    23
       Distracted        |     1 |       |       ||     1
       Petrified         |       |       |     9 ||     9
       Petrifying        |       |       |     5 ||     5
       Held in net/web   |       |       |     2 ||     2
  Eat: Ration            |       |     2 |     3 ||     5
Armor: Robe              |       |    28 |    29 ||    57
Dodge: Dodged            |    29 |   150 |   101 ||   280

Table legend:
 A = Spawn XP
 B = Non-spawn XP
 C = Spawn XP percentage of total XP
 D = Spawn monster count
 E = Non-spawn monster count
 F = Spawn count percentage of total count
 G = Total turns spent on level
                    A         B        C        D         E        F      G
               +---------+---------+-------+---------+---------+-------+---------
         Total |       0 |    2565 |   0.0 |       0 |     112 |   0.0 |  6012
               +---------+---------+-------+---------+---------+-------+---------
           D:1 |       0 |      94 |   0.0 |       0 |      14 |   0.0 |   898
           D:2 |       0 |     157 |   0.0 |       0 |      33 |   0.0 |   874
           D:3 |       0 |     113 |   0.0 |       0 |      22 |   0.0 |   931
           D:4 |       0 |     276 |   0.0 |       0 |      12 |   0.0 |  1127
           D:5 |       0 |    1027 |   0.0 |       0 |      11 |   0.0 |   880
           D:6 |       0 |     898 |   0.0 |       0 |      20 |   0.0 |  1162
               +---------+---------+-------+---------+---------+-------+---------
